 Dungeon Crawl Stone Soup version 0.29-a0-231-g945431f764 (webtiles) character file.

Game seed: 1386833429144773270

10425 Gargoyl the Cleaver (level 11, -2/69 HPs)
             Began as a Gargoyle Abyssal Knight on Mar 1, 2022.
             Was a High Priest of Lugonu.
             Slain by a deep troll (shapeshifter) (11 damage)
             ... on level 9 of the Dungeon.
             The game lasted 00:13:48 (11649 turns).

Gargoyl the Cleaver (Gargoyle Abyssal Knight)      Turns: 11649, Time: 00:13:49

Health: -2/69      AC: 30    Str: 23    XL:     11   Next: 61%
Magic:  12/12      EV: 10    Int: 10    God:    Lugonu [*****.]
Gold:   738        SH:  0    Dex: 10    Spells: 10/10 levels left

rFire   + . .      SeeInvis .   a - +3 hand axe (drain)
rCold   + + .      Faith    .   (no shield)
rNeg    + + .      Spirit   .   P - +0 storm dragon scales
rPois   ∞          Reflect  .   u - +2 helmet of Exclusion {*Slow rC+ Str+3 Stlth+}
rElec   +          Harm     .   w - scarf {rC+ rF+}
rCorr   +          Rampage  ∞   (no gloves)
Will    .....                   c - +3 pair of seven-league boots {Rampage+∞}
Stlth   ..........              q - amulet of the acrobat
HPRegen 0.21/turn               k - ring of resist corrosion
MPRegen 0.13/turn               B - ring of positive energy

@: no status effects
A: sickness immunity, AC +8, negative energy resistance 1, electricity
resistance, torment resistance 1, petrification resistance, dopey 1, mutation
resistance 1
a: Renounce Religion, Depart the Abyss, Bend Space, Banish, Corrupt, Enter the
Abyss


You were on level 9 of the Dungeon.
You worshipped Lugonu.
Lugonu was extremely pleased with you.
You visited 1 branch of the dungeon, and saw 11 of its levels.
You visited the Abyss 1 time.

You collected 738 gold pieces.

Inventory:

Hand Weapons
 a - a +3 hand axe of draining (weapon)
 g - a +0 dagger of venom
 F - a +0 falchion of holy wrath
Missiles
 l - 3 throwing nets
 t - 22 poisoned darts (quivered)
Armour
 c - the +3 pair of seven-league boots (worn) {Rampage+∞}
   (You acquired it on level 2 of the Dungeon)

   Its wearer moves as far as possible in that direction when moving towards
   enemies.
 u - the +2 helmet of Exclusion (worn) {*Slow rC+ Str+3 Stlth+}
   (You found it on level 7 of the Dungeon)

   Str:       It affects your strength (+3).
   rC:        It protects you from cold.
   *Slow:     It may slow you when you take damage.
   Stlth:     It makes you more stealthy.
 w - a scarf of resistance (worn)
 P - +0 storm dragon scales (worn)
Jewellery
 k - a ring of resist corrosion (left hand)
 q - an amulet of the acrobat (around neck)
 B - a ring of positive energy (right hand)
 I - a ring of flight
Wands
 n - a wand of flame (28)
 s - a wand of mindburst (16)
 v - a wand of digging (3)
 x - a wand of polymorph (8)
 y - a wand of acid (11)
 z - a wand of paralysis (8)
 K - a wand of iceblast (4)
Scrolls
 b - 3 scrolls of fog
 f - 6 scrolls of identify
 h - 6 scrolls of teleportation
 m - 6 scrolls of fear
 o - a scroll of magic mapping
 D - a scroll of enchant armour
 O - 2 scrolls of holy word
Potions
 d - 5 potions of curing
 i - 2 potions of invisibility
 j - 2 potions of lignification
 p - 3 potions of might {unknown}
 r - 4 potions of heal wounds {unknown}
 A - 2 potions of cancellation
 E - a potion of brilliance {unknown}
 G - 2 potions of flight {unknown}
 H - a potion of ambrosia {unknown}
 J - 2 potions of haste {unknown}
 L - a potion of berserk rage {unknown}
 M - a potion of magic {unknown}
 N - 2 potions of experience {unknown}


   Skills:
 + Level 8.9 Fighting
 + Level 2.5 Short Blades
 + Level 11.0 Axes
 + Level 1.4 Throwing
 + Level 9.9 Armour
 + Level 4.9 Dodging
 + Level 2.0 Stealth
 + Level 2.3 Invocations


You had 10 spell levels left.
You didn't know any spells.
Your spell library contained the following spells:

 Spells                   Type           Power      Damage    Failure   Level
 Beastly Appendage        Tmut           0%         N/A       91%         1
 Foxfire                  Conj/Fire      0%         2x1d4     91%         1
 Wereblood                Tmut           0%         N/A       97%         2
 Conjure Flame            Conj/Fire      0%         6-21      100%        3
 Dazzling Flash           Conj/Hex       0%         N/A       100%        3
 Frozen Ramparts          Ice            0%         1d2       100%        3
 Inner Flame              Hex/Fire       0%         N/A       100%        3
 Spider Form              Tmut/Pois      0%         N/A       100%        3
 Flame Wave               Conj/Fire      0%         2d4       100%        4
 Ice Form                 Ice/Tmut       0%         N/A       100%        4
 Iskenderun's Mystic Bla  Conj/Tloc      0%         2d3       100%        4
 Summon Ice Beast         Ice/Summ       0%         N/A       100%        4
 Starburst                Conj/Fire      0%         6d3       100%        6


Dungeon Overview and Level Annotations

Branches:
Dungeon (11/15)            Temple (0/1) D:4            Lair (0/6) D:9
    Orc (0/2) D:9

Altars:
Ashenzari
Dithmenos
Gozag
Okawaru
Sif Muna
Trog
Zin

Shops:
D:4 (

Annotations:
D:9 iamserjio's ghost, novice OgTm
D:10 2 transporters, TimeIsEndless's ghost, novice DDFi


Innate Abilities, Weirdness & Mutations

You are immune to sickness and miasma.
Your stone body is resilient. (AC +8)
You are immune to poison.
You resist negative energy. (rN+)
You are resistant to electric shocks. (rElec)
You are resistant to unholy torment.
You are immune to petrification.
You are dopey. (Int -2)
You are somewhat resistant to further mutation.


Message History

Unknown command.
The hobgoblin changes into a scorpion!
Your gnoll shaman hits the merfolk but does no damage.
The merfolk barely misses your gnoll shaman.
Your gnoll shaman closely misses the merfolk.
The merfolk hits your gnoll shaman!
Your gnoll shaman dies!
Your gnoll shaman's corpse dissolves into shadows!
Unknown command.
You barely miss the merfolk. You closely miss the merfolk.
The merfolk hits you but does no damage.
You slash the merfolk!
The merfolk is lightly wounded.
The merfolk hits you.
You barely miss the merfolk.
The merfolk is lightly wounded.
The scorpion changes into a jelly!
The merfolk changes into a deep troll!
You closely miss the deep troll. You closely miss the deep troll.
The jelly changes into a centaur!
The deep troll bites you! The deep troll misses you.
The deep troll barely misses you.
You hit the deep troll but do no damage.
The deep troll closely misses you. The deep troll barely misses you. x2
You barely miss the deep troll.
The centaur changes into a killer bee!
The deep troll bites you! The deep troll closely misses you.
The deep troll claws you but does no damage.
You barely miss the deep troll.
Unknown command.
Press: ? - help, Shift-Dir - straight line, f/p - killer bee
Aim: a killer bee shaped shifter (chance to affect: 85%)
You fail to use your ability.
The deep troll bites you!
* * * LOW HITPOINT WARNING * * *
The deep troll barely misses you.
The deep troll claws you but does no damage.
Press: ? - help, Shift-Dir - straight line, f/p - killer bee
Aim: a killer bee shaped shifter (chance to affect: 85%)
You fail to use your ability.
The deep troll completely misses you. The deep troll barely misses you.
The deep troll claws you!
You die...

####################
#..@Ty.............÷
####################
#. ## # ########
####### #......#
#.....# #.###..#
#..#### #.# #..#
#..# #


You could see a deep troll shaped shifter and a killer bee shaped shifter.

Vanquished Creatures
  A boulder beetle (D:11)
  2 two-headed ogres
  A glowing orange brain (D:9)
  2 ugly things (D:9)
  A gargoyle (D:11)
  Maggie (D:8)
  A komodo dragon (D:9)
  A tengu conjurer (D:11)
  3 trolls
  A troll (shapeshifter) (D:9)
  A hornet (D:9)
  2 wraiths (D:11)
  Grum (D:8)
  2 steam dragons
  3 vampire mosquitoes (D:11)
  A water moccasin (D:5)
  An acid dragon (D:11)
  2 black bears
  2 orc warriors
  2 ogres
  An ice beast (D:6)
  2 wolves (D:8)
  2 centaurs
  A phantom (D:7)
  A kobold brigand (D:7)
  5 bullfrogs
  2 gnoll sergeants
  A necrophage (D:7)
  2 scorpions
  11 wights
  11 killer bees
  4 howler monkeys
  A jelly (D:7)
  A hound (D:4)
  3 orc priests
  A gnoll shaman (D:4)
  3 iguanas
  7 orc wizards
  17 gnolls
  8 adders
  A shadow imp (D:5)
  2 white imps
  An ufetubus (D:7)
  4 dart slugs
  31 orcs
  13 ball pythons
  6 bats
  5 endoplasms
  A giant cockroach (D:4)
  10 goblins
  6 hobgoblins
  7 jackals
  6 quokkas
  A frilled lizard (D:1)
  9 kobolds
  3 rats
221 creatures vanquished.

Vanquished Creatures (collateral kills)
  A salamander (shapeshifter) (D:9)
  A neqoxec (D:9)
2 creatures vanquished.

Vanquished Creatures (others)
  An ugly thing (D:9)
  A tengu (shapeshifter) (D:9)
  8 plants
10 creatures vanquished.

Grand Total: 233 creatures vanquished

Notes
Turn   | Place    | Note
-------+----------+-------------------------------------------
     0 | Abyss:1  | Gargoyl the Gargoyle Abyssal Knight began the quest for the
                  | Orb.
     0 | Abyss:1  | Reached XP level 1. HP: 14/14 MP: 2/2
    78 | Abyss:1  | Noticed an orc sorcerer
    79 | D:1      | Escaped the Abyss
   183 | D:1      | Reached * piety under Lugonu
   339 | D:1      | Reached XP level 2. HP: 12/20 MP: 3/3
   579 | D:1      | Reached skill level 2 in Axes
   980 | D:1      | Reached XP level 3. HP: 24/24 MP: 4/4
  1108 | D:1      | Found a faded altar of an unknown god.
  1305 | D:2      | Identified a scroll of acquirement
  1305 | D:2      | Acquired the +3 pair of seven-league boots {Rampage+∞}
  1305 | D:2      | Found the +3 pair of seven-league boots {Rampage+∞}
  1313 | D:2      | Gained mutation: You are dopey. (Int -2) [potion of
                  | mutation]
  1313 | D:2      | Gained mutation: You are somewhat resistant to further
                  | mutation. [potion of mutation]
  1472 | D:2      | Reached skill level 1 in Dodging
  1972 | D:2      | You fall into a shaft and drop 1 floor!
  1981 | D:3      | Reached XP level 4. HP: 30/30 MP: 5/5
  2122 | D:3      | Found an opulent altar of Gozag.
  2124 | D:3      | Found a shadowy altar of Dithmenos.
  2126 | D:3      | Found a broken altar of Ashenzari.
  2162 | D:3      | Reached ** piety under Lugonu
  2821 | D:4      | Found a staircase to the Ecumenical Temple.
  2839 | D:4      | Reached skill level 1 in Short Blades
  2839 | D:4      | Reached XP level 5. HP: 34/34 MP: 6/6
  3004 | D:4      | Found Boimpal's Weapon Shop.
  3466 | D:4      | Reached XP level 6. HP: 37/39 MP: 7/7
  3602 | D:5      | Entered Level 5 of the Dungeon
  3905 | D:5      | Noticed a water moccasin
  3913 | D:5      | Killed a water moccasin
  3914 | D:5      | Reached skill level 5 in Fighting
  3914 | D:5      | Reached skill level 3 in Axes
  3914 | D:5      | Reached skill level 1 in Stealth
  3914 | D:5      | Reached XP level 7. HP: 40/44 MP: 8/8
  4039 | D:5      | Found a glowing silver altar of Zin.
  4080 | D:5      | Reached *** piety under Lugonu
  4317 | D:5      | Found a shimmering blue altar of Sif Muna.
  4367 | D:5      | Reached skill level 4 in Axes
  4385 | D:6      | Noticed a troll
  4392 | D:6      | Killed a troll
  4393 | D:6      | Reached XP level 8. HP: 16/51 MP: 9/9
  4601 | D:6      | Reached skill level 5 in Armour
  4650 | D:6      | Reached skill level 5 in Axes
  5044 | D:6      | Reached skill level 6 in Axes
  5120 | D:5      | Reached XP level 9. HP: 11/56 MP: 10/10
  5876 | D:6      | Reached **** piety under Lugonu
  6093 | D:6      | Noticed a troll
  6098 | D:6      | Killed a troll
  6541 | D:7      | Reached skill level 7 in Axes
  7109 | D:7      | Identified the +2 helmet of Exclusion {*Slow rC+ Str+3
                  | Stlth+}
  7903 | D:8      | Noticed Grum
  7908 | D:8      | Reached XP level 10. HP: 57/63 MP: 11/11
  7917 | D:8      | Killed Grum
  7918 | D:8      | Reached skill level 8 in Axes
  8673 | D:8      | Noticed Maggie
  8689 | D:8      | Killed Maggie
  8947 | D:8      | Reached ***** piety under Lugonu
  8956 | D:8      | You fall into a shaft and drop 3 floors!
  8959 | D:11     | Noticed a gargoyle
  8966 | D:11     | Killed a gargoyle
  9085 | D:11     | Reached skill level 9 in Axes
  9375 | D:11     | Noticed a boulder beetle
  9409 | D:11     | Killed a boulder beetle
  9699 | D:11     | Noticed a two-headed ogre
  9708 | D:11     | Killed a two-headed ogre
  9709 | D:11     | Reached XP level 11. HP: 50/68 MP: 12/12
 10044 | D:10     | Entered Level 10 of the Dungeon
 10060 | D:10     | Reached skill level 10 in Axes
 10060 | D:10     | Reached skill level 1 in Throwing
 10130 | D:10     | Noticed a two-headed ogre
 10131 | D:10     | Noticed TimeIsEndless's ghost (novice DDFi)
 10131 | D:10     | Noticed a deep troll
 10141 | D:10     | Found a transporter.
 10142 | D:10     | Found a bloodstained altar of Trog.
 10149 | D:10     | Found a transporter.
 10153 | D:10     | Noticed a moth of wrath
 10225 | D:9      | Found a staircase to the Lair.
 10352 | D:9      | Found a staircase to the Orcish Mines.
 10466 | D:9      | Noticed a two-headed ogre
 10484 | D:9      | Killed a two-headed ogre
 10842 | D:9      | Found a runed translucent gate.
 10842 | D:9      | Found a runed translucent gate.
 10842 | D:9      | Found a runed translucent gate.
 10842 | D:9      | Noticed a steelbarb worm
 10842 | D:9      | Noticed a glowing orange brain
 10843 | D:9      | Noticed a cyan ugly thing
 10887 | D:9      | Noticed a salamander
 10887 | D:9      | a yak changed into a salamander
 11052 | D:9      | Found an iron altar of Okawaru.
 11308 | D:9      | Noticed a red ugly thing
 11308 | D:9      | Noticed a green ugly thing
 11345 | D:9      | Killed a cyan ugly thing
 11348 | D:9      | Noticed a two-headed ogre
 11357 | D:9      | Killed a white ugly thing
 11362 | D:9      | Killed a white ugly thing
 11388 | D:9      | Killed a glowing orange brain
 11539 | D:9      | Found a runed translucent gate.
 11539 | D:9      | Found a runed translucent gate.
 11540 | D:9      | Noticed a salamander
 11541 | D:9      | Noticed iamserjio's ghost (novice OgTm)
 11543 | D:9      | Found a runed translucent gate.
 11555 | D:9      | Noticed a death drake
 11560 | D:9      | Noticed a glowing orange brain
 11560 | D:9      | a death drake changed into a glowing orange brain
 11573 | D:9      | Killed a salamander
 11576 | D:9      | Reached skill level 11 in Axes
 11583 | D:9      | Noticed an anaconda
 11583 | D:9      | a glowing orange brain changed into an anaconda
 11607 | D:9      | Noticed a manticore
 11615 | D:9      | a manticore changed into a snapping turtle
 11617 | D:9      | an anaconda changed into a merfolk
 11642 | D:9      | Noticed a deep troll
 11642 | D:9      | a merfolk changed into a deep troll
 11649 | D:9      | Slain by a deep troll (shapeshifter)

Illustrated notes

Levels and vault maps discovered:
D:1:      amcnicky_arrival_flooded_fountain, layout_loops_ring,
          shapermc_ecumenical_altar_ellora
D:2:      layout_loops_ring
D:3:      layout_loops_cross, grunt_temple_overflow_open,
          minmay_shallow_snake_nest
D:4:      layout_gridville, minmay_temple_entry_butterflies,
          nicolae_wooded_promenade
D:5:      layout_basic, zin_scriptorium, old_standard_altar,
          minmay_ogre_servants
D:6:      layout_rooms
D:7:      layout_cave_pods
D:8:      layout_basic, grunt_ministairs_8, bh_walls_and_bars, uniq_maggie,
          uniq_grum
D:9:      layout_small_grid, okawaru_gym_becter, david_lair_shrubbed,
          orc_0_dummy, ploomutoo_gammafunk_ghost_potion_laboratory
D:10:     layout_basic, gammafunk_ghost_wrathful_warriors
D:11:     layout_rooms, chequers_serial_rivers_micro_d, minmay_strange_pillars,
          nicolae_twisting_strands

Skill      XL: |  1  2  3  4  5  6  7  8  9 10 11 |
---------------+----------------------------------+-----
Axes           | 2 3 4 6 7 9 11 | 11.0
Fighting       | 4 5 6 7 8 |  8.9
Dodging        | 1 2 3 4 |  4.9
Armour         | 3 4 5 7 9 |  9.9
Short Blades   | 1 2 |  2.5
Stealth        | 1 2 |  2.0
Throwing       | 1 |  1.4
Invocations    | |  2.3

Action                   |  1- 3 |  4- 6 |  7- 9 | 10-12 || total
-------------------------+-------+-------+-------+-------++-------
Melee: Hand axe          |    35 |    74 |   304 |   355 ||   768
       Dagger            |    78 |   105 |       |       ||   183
       Punch             |       |     3 |     2 |     7 ||    12
Throw: Dart              |       |       |       |    11 ||    11
Invok: Depart the Abyss  |     1 |       |       |       ||     1
       Bend Space        |       |       |       |     1 ||     1
  Use: Scroll            |     4 |    10 |       |     7 ||    21
       Potion            |     1 |       |     1 |       ||     2
 Stab: Confused          |       |       |       |     1 ||     1
Armor: Leather armour    |     5 |       |       |       ||     5
       Ring mail         |    63 |    76 |   153 |       ||   292
       Plate armour      |       |       |   102 |   146 ||   248
       Chain mail        |       |       |    10 |       ||    10
       Storm dragon scal |       |       |       |    72 ||    72
Dodge: Dodged            |    62 |   100 |   273 |   155 ||   590

Table legend: (Time is in decaauts)
 A = Elapsed time spent in this place.
 B = Non-inter-level travel time spent in this place.
 C = Inter-level travel time spent in this place.
 D = Time resting spent in this place.
 E = Time spent auto-exploring this place.
 F = Levels seen in this place.
 G = Mean time per level.
                   A        B        C        D        E       F      G
               +--------+--------+--------+--------+--------+-----+--------+
         Total |  11603 |  11343 |    260 |   1354 |   7874 |  12 |  966.9 |
       Dungeon |  11524 |  11264 |    260 |   1354 |   7796 |  11 | 1047.6 |
         Abyss |     79 |     79 |      0 |      0 |     78 |   1 |   79.0 |
               +--------+--------+--------+--------+--------+-----+--------+

Top non-repeatable levels by time:
     D:6: 1714 daAuts
     D:7: 1535 daAuts
     D:9: 1425 daAuts
     D:1: 1217 daAuts
    D:11: 1075 daAuts
     D:5: 1050 daAuts
     D:8: 1045 daAuts
     D:4: 873 daAuts
     D:3: 761 daAuts
     D:2: 681 daAuts
    D:10: 144 daAuts
 Abyss:1: 79 daAuts
